 Dungeon Crawl Stone Soup version 0.20.1-1-g8b1a95d (webtiles) character file.

87 MovingMist the Skirmisher (level 4, 0/29 HPs)
             Began as a Gargoyle Fighter on Nov 20, 2017.
             Slain by a hippogriff (6 damage)
             ... on level 3 of the Dungeon.
             The game lasted 00:04:39 (1848 turns).

MovingMist the Skirmisher (Gargoyle Fighter)        Turns: 1848, Time: 00:04:39

Health: 0/29       AC: 10    Str: 20    XL:     4   Next: 51%
Magic:  4/4        EV:  8    Int:  8    God:
Gold:   81         SH:  9    Dex: 10    Spells: 3/3 levels left

rFire    . . .     SeeInvis .   a - +0 flail
rCold    . . .     Gourm    .   c - +0 shield
rNeg     + . .     Faith    .   b - +0 scale mail
rPois    ∞         Spirit   .   (no helmet)
rElec    +         Reflect  .   (no cloak)
rCorr    .         Harm     .   (no gloves)
MR       .....                  (no boots)
Stlth    ..........             (no amulet)
Regen    0.1/turn               (no ring)
MPRegen  0.1/turn               (no ring)

@: no status effects
A: negative energy resistance 1, electricity resistance, unbreathing,
petrification resistance, rot immunity, AC +3
a: no special abilities


You were on level 3 of the Dungeon.
You were hungry.

You visited 1 branch of the dungeon, and saw 3 of its levels.

You collected 81 gold pieces.

Inventory:

Hand Weapons
 a - a +0 flail (weapon)
Armour
 b - a +0 scale mail (worn)
 c - a +0 shield (worn)
Wands
 s - a wand of digging (8/24)
Scrolls
 e - a scroll of fog {unknown}
 i - 2 scrolls of remove curse {unknown}
 l - 5 scrolls of identify {unknown}
Potions
 d - a potion of might
 h - 2 potions of cancellation {unknown}
 j - a potion of heal wounds {unknown}
 k - a potion of haste {unknown}
 m - a potion of agility {unknown}
 n - 2 potions of brilliance {unknown}
 q - a potion of berserk rage {unknown}
 r - a potion of flight {unknown}
 t - a potion of degeneration {unknown}
Comestibles
 f - a bread ration
 g - 3 chunks of flesh
 o - 6 fruits
 p - a meat ration


   Skills:
 + Level 3.8 Fighting
 + Level 2.6 Maces & Flails
 + Level 3.5 Armour
 * Level 2.2 Dodging
 - Level 3.2 Shields


You had 3 spell levels left.
You didn't know any spells.

Dungeon Overview and Level Annotations

Branches:
Dungeon (3/15)

Altars:


Innate Abilities, Weirdness & Mutations

You are resistant to torment.
Your stone body is resilient. (AC +3)
You are immune to poison.
You resist negative energy. (rN+)
You are resistant to electric shocks. (rElec)
You can survive without breathing.
You are immune to petrification.
You are immune to rotting.


Message History

The hippogriff is moderately wounded.
You block the hippogriff's attack.
The hippogriff pecks you but does no damage.
The hippogriff claws you but does no damage.
The hippogriff bites you but does no damage.
The hippogriff pecks you.
* * * LOW HITPOINT WARNING * * *
You block the hippogriff's attack.
You aren't carrying or standing over any spellbooks.
You can't go up here!
The hippogriff bites you.
* * * LOW HITPOINT WARNING * * *
You block the hippogriff's attack.
The hippogriff claws you but does no damage.
You climb downwards.
There is a stone staircase leading up here.
You sock the hippogriff!
The hippogriff is heavily wounded.
The hippogriff bites you.
You die...

#########
#.@.....#
#######H#####.#
...........# #
.######.##.# .#
#.##.##.#
#.......#
#.......#
#.##.##.#
#.##.# .#


You could see a hippogriff.

Vanquished Creatures
  4 adders
  2 worms
  2 dart slugs
  2 giant cockroaches
  3 hobgoblins
  11 jackals
  A quokka (D:2)
  6 bats
  3 goblins
  2 kobolds (D:1)
  6 rats
42 creatures vanquished.

Notes
Turn   | Place    | Note
-------+----------+-------------------------------------------
     0 | D:1      | MovingMist the Gargoyle Fighter began the quest for the Orb.
     0 | D:1      | Reached XP level 1. HP: 14/14 MP: 1/1
   275 | D:1      | Reached XP level 2. HP: 15/19 MP: 2/2
   475 | D:1      | Reached skill level 1 in Dodging
   846 | D:2      | Reached XP level 3. HP: 23/23 MP: 3/3
  1496 | D:2      | Reached XP level 4. HP: 24/28 MP: 4/4
  1774 | D:3      | Noticed a hippogriff
  1848 | D:3      | Slain by a hippogriff

Skill      XL: |  1  2  3 |
---------------+----------+-----
Dodging        | 1 2 |  2.2
Fighting       | |  3.8
Maces & Flails | |  2.6
Armour         | |  3.5
Shields        | |  3.2

Action                   |  1- 3 |  4- 6 || total
-------------------------+-------+-------++-------
Melee: Flail             |   167 |    70 ||   237
  Eat: Chunk             |     2 |     1 ||     3
Armor: Scale mail        |   135 |    68 ||   203
Dodge: Dodged            |    69 |    48 ||   117
Block: Shield            |   116 |    47 ||   163
